 Dungeon Crawl Stone Soup version 0.25-a0-258-g6d7e32a812 (webtiles) character file.

Game seed: 4066374352590409074, levelgen mode: deterministic

117474 bmfx the Spry (level 16, -1/87 HPs)
             Began as a Deep Elf Arcane Marksman on Dec 6, 2019.
             Was the Champion of Hepliaklqana.
             Slain by a redback (3 damage)
             ... on level 1 of the Spider Nest.
             The game lasted 02:10:23 (43320 turns).

bmfx the Spry (Deep Elf Arcane Marksman)           Turns: 43320, Time: 02:10:23

Health: -1/87      AC:  9    Str:  7    XL:     16   Next: 23%
Magic:  22/32      EV: 28    Int: 28    God:    Hepliaklqana [******]
Gold:   437        SH:  5    Dex: 17    Spells: 1/36 levels left

rFire    + . .     SeeInvis +   a - +2 dagger (speed)
rCold    + + .     Gourm    .   y - +0 buckler "Tysaen" {rPois SInv} (curse)
rNeg     . . .     Faith    .   h - +2 robe {Archmagi}
rPois    +         Spirit   .   E - +0 helmet
rElec    .         Reflect  .   U - +0 cloak
rCorr    .         Harm     .   Q - +2 pair of gloves
MR       ++...                  (no boots)
Stlth    +++++.....             w - amulet "Nibe" {Acrobat Fragile rC++}
HPRegen  0.24/turn              V - ring of the Middle {rPois rF+ MR+ Int+4}
MPRegen  0.23/turn              v - +4 ring of evasion

@: very slightly contaminated, invisible
A: reduced essence
a: Recall Ancestor, Ancestor Identity, Transference, Idealise, Renounce Religion


You were on level 1 of the Spider Nest.
You worshipped Hepliaklqana.
Hepliaklqana was exalted by your worship.
You were not hungry.

You visited 5 branches of the dungeon, and saw 25 of its levels.
You also visited: Ice Cave and Volcano.

You collected 2243 gold pieces.
You spent 1806 gold pieces at shops.

Dungeon Overview and Level Annotations

Branches:
Dungeon (15/15)            Temple (1/1) D:5            Lair (6/6) D:10
 Shoals (0/4) Lair:4       Spider (1/4) Lair:2        Slime (0/5) Lair:5
    Orc (2/2) D:11            Elf (0/3) Orc:2        Vaults (0/5) D:13
 Depths (0/5) D:15          IceCv (visited)         Volcano (visited)

Altars:
Ashenzari
Cheibriados
Dithmenos
Elyvilon
Fedhas
Gozag
Hepliaklqana
Kikubaaqudgha
Makhleb
Nemelex Xobeh
Okawaru
Qazlal
Ru
Sif Muna
Trog
Uskayaw
Vehumet
Wu Jian
Xom
Yredelemnul
Zin
The Shining One
Beogh

Shops:
D:8 (   D:12 }:   Orc:2 =*:=

Annotations:
Lair:4 2 transporters, grouchysmurf's ghost, journeyman TrMo


   Skills:
 - Level 10.0 Fighting
 - Level 8.0 Short Blades
   Level 9.0 Crossbows
 - Level 15.0 Dodging
 - Level 12.1 Stealth
 - Level 4.0 Shields
 + Level 10.5 Spellcasting
 - Level 3.9 Conjurations
 * Level 9.4 Hexes
 - Level 10.9 Fire Magic
 - Level 4.0 Poison Magic
 - Level 8.0 Invocations
 - Level 8.0 Evocations


You had one spell level left.
You knew the following spells:

 Your Spells              Type           Power        Failure   Level  Hunger
i - Invisibility          Hex            #######.     12%         6    #####..
A - Poisonous Vapours     Pois/Air       #####.       2%          2    None
B - Slow                  Hex            #######.     1%          2    None
C - Confuse               Hex            #######.     1%          3    None
D - Cause Fear            Hex            #######...   1%          4    None
E - Inner Flame           Hex/Fire       #######.     1%          3    None
G - Corona                Hex            #######      1%          1    None
H - Fireball              Conj/Fire      ######....   4%          5    ###....
J - Tukima's Dance        Hex            #######.     1%          3    None
K - Starburst             Conj/Fire      ######....   28%         6    #####..

Your spell library contained the following spells:

 Spells                   Type           Power        Failure   Level  Hunger
 Apportation              Tloc           ###...       3%          1    None
 Summon Butterflies       Summ           ###.....     3%          1    None
 Ensorcelled Hibernation  Hex/Ice        ######       1%          2    None
 Conjure Flame            Conj/Fire      ######..     1%          3    None
 Dazzling Flash           Conj/Hex       ######       1%          3    None
 Ignite Poison            Fire/Tmut/Pois ######..     1%          3    None
 Portal Projectile        Hex/Tloc       ######       1%          3    None
 Mephitic Cloud           Conj/Pois/Air  #####...     3%          3    None
 Leda's Liquefaction      Hex/Erth       ######....   5%          4    None
 Lesser Beckoning         Tloc           ###.......   12%         3    None
 Alistair's Intoxication  Tmut/Pois      #####...     43%         5    ###....
 Ignition                 Fire           #######...   96%         8    #######
 Freezing Cloud           Conj/Ice/Air   ####......   98%         6    #####..
 Ring of Flames           Chrm/Fire      ######....   98%         7    ######.

Action                   |  1- 3 |  4- 6 |  7- 9 | 10-12 | 13-15 | 16-18 || total
-------------------------+-------+-------+-------+-------+-------+-------++-------
Melee: Short sword       |    28 |    46 |       |       |       |       ||    74
       Whip              |       |    22 |   305 |   175 |       |       ||   502
       Unarmed           |       |       |     6 |       |       |       ||     6
       Dagger            |       |       |       |   234 |  1258 |   162 ||  1654
       Rapier            |       |       |       |    61 |   381 |       ||   442
 Fire: Hand crossbow     |   111 |   152 |   113 |    58 |       |       ||   434
Throw: Dart              |       |       |    57 |    71 |     1 |       ||   129
 Cast: Corona            |    36 |    50 |    60 |    30 |    15 |       ||   191
       Slow              |    24 |    47 |    96 |   121 |    14 |       ||   302
       Portal Projectile |     1 |     3 |     3 |    12 |     1 |       ||    20
       Cause Fear        |       |     4 |     3 |    28 |    28 |     2 ||    65
       Poisonous Vapours |       |       |       |   122 |   163 |    13 ||   298
       Inner Flame       |       |       |       |     4 |     5 |       ||     9
       Confuse           |       |       |       |    17 |   322 |    30 ||   369
       Fireball          |       |       |       |       |     4 |    10 ||    14
       Invisibility      |       |       |       |       |       |     4 ||     4
Invok: Ancestor Identity |       |       |     1 |       |       |       ||     1
       Recall Ancestor   |       |       |     1 |     5 |     7 |     1 ||    14
       Ancestor Life: He |       |       |       |     1 |       |       ||     1
       Idealise          |       |       |       |       |     4 |       ||     4
Evoke: Wand              |       |       |       |    12 |    63 |    11 ||    86
       Phial of floods   |       |       |       |       |     1 |       ||     1
       Lightning rod     |       |       |       |       |     7 |     2 ||     9
  Use: Scroll            |     1 |     4 |    17 |     7 |    19 |     1 ||    49
       Potion            |       |     1 |       |       |     2 |     2 ||     5
 Stab: Confused          |       |       |     1 |    31 |   229 |    19 ||   280
       Distracted        |       |       |     3 |    10 |    13 |       ||    26
       Sleeping          |       |       |     1 |    11 |    39 |       ||    51
       Paralysed         |       |       |       |     1 |    19 |     3 ||    23
       Invisible         |       |       |       |       |       |     9 ||     9
  Eat: Chunk             |     5 |    10 |    10 |    29 |    41 |     4 ||    99
       Ration            |       |     1 |     3 |     2 |     7 |     2 ||    15
Armor: Robe              |    26 |    15 |    11 |       |       |     5 ||    57
       Skin              |       |     4 |       |       |       |       ||     4
       Leather armour    |       |       |    54 |    44 |   154 |     6 ||   258
Dodge: Dodged            |    60 |    48 |   175 |   253 |  1208 |   137 ||  1881
Block: Buckler           |       |       |    25 |   137 |   440 |    36 ||   638

Skill      XL: |  1  2  3  4  5  6  7  8  9 10 11 12 13 14 15 16 |
---------------+-------------------------------------------------+-----
Crossbows      | 2 3 5 6 9 |  9.0
Spellcasting   | 2 3 4 5 6 10 | 10.5
Hexes          | 5 6 7 8 9 |  9.4
Stealth        | 1 2 3 6 7 8 12 | 12.1
Fighting       | 1 3 4 5 10 | 10.0
Shields        | 1 4 |  4.0
Short Blades   | 1 6 8 |  8.0
Dodging        | 4 9 10 11 15 | 15.0
Evocations     | 8 |  8.0
Poison Magic   | 4 |  4.0
Invocations    | 4 8 |  8.0
Fire Magic     | 10 | 10.9
Conjurations   | 2 3 |  3.9

Inventory:

Hand Weapons
 a - a +2 dagger of speed (weapon)
 o - a +2 dagger of distortion {!w}
Missiles
 c - 72 poisoned darts (quivered)
 J - 4 throwing nets {!f}
Armour
 h - a +2 robe of the Archmagi (worn)
 y - the cursed +0 buckler "Tysaen" (worn) {rPois SInv}
   (You bought it in a shop on level 2 of the Orcish Mines)

   It protects you from poison.
   It lets you see invisible.
   It has a curse placed upon it.
 E - a +0 helmet (worn)
 G - a +3 leather armour of poison resistance
 O - a +3 leather armour of fire resistance
 Q - a +2 pair of gloves (worn)
 U - a +0 cloak (worn)
Jewellery
 v - a +4 ring of evasion (right hand)
 w - the amulet "Nibe" (around neck) {Acrobat Fragile rC++}
   (You found it on level 4 of the Dungeon)

   [amulet of the acrobat]

   It helps you evade while moving and waiting.
   It greatly protects you from cold.
   It will be destroyed if unequipped.
 C - an uncursed ring of positive energy
 V - the ring of the Middle (left hand) {rPois rF+ MR+ Int+4}
   (You found it on level 2 of the Lair of Beasts)

   [ring of protection from magic]

   It affects your intelligence (+4).
   It protects you from fire.
   It protects you from poison.
   It affects your resistance to hostile enchantments.
Wands
 d - a wand of clouds (2)
 k - a wand of enslavement (9)
 u - a wand of digging (4)
 B - a wand of iceblast (11)
 F - a wand of polymorph (14)
 I - a wand of flame (23)
 L - a wand of acid (15)
 R - a wand of paralysis (9)
 T - a wand of scattershot (11)
Scrolls
 e - 3 scrolls of fog
 i - 13 scrolls of teleportation {@r1}
 l - 5 scrolls of amnesia
 m - a scroll of blinking {@r2}
 s - 4 scrolls of enchant armour
 t - 2 scrolls of enchant weapon
 x - 2 scrolls of fear
 N - 3 scrolls of immolation
 P - a scroll of summoning
 S - a scroll of vulnerability
 X - 5 scrolls of remove curse {@r4}
 Y - 2 scrolls of magic mapping
Potions
 g - 8 potions of curing {@q2}
 j - 3 potions of heal wounds {@q1}
 n - 4 potions of flight
 p - 5 potions of agility
 r - 2 potions of haste {@q4}
 z - 6 potions of berserk rage
 A - 2 potions of resistance
 D - a potion of brilliance
 H - 5 potions of might
 M - a potion of magic
 W - 2 potions of cancellation
Miscellaneous
 b - a lightning rod (1/4)
 Z - a phial of floods
Comestibles
 f - 50 rations

.#... ##.) s.#.
.... ...# ...#.
... ..... #..
...... #..
#ss....
#.s#sss.#..
#s@Rss..#
......^○ss.....
......#○s..##..
#..##..#s..# ..
. . ..s# . ....
.... .. ..
...## .....#
#..s


You could see the friendly Serpenta the hexer, a wolf spider, 3 orb spiders, 2
jumping spiders, 2 tarantellas and 8 redbacks.

Vanquished Creatures
  Jorgrun (D:12)
  A frost giant (IceCv)
  2 orc warlords (Orc:2)
  A stone giant (Orc:2)
  Azrael (Orc:2)
  Josephine (D:12)
  2 fire dragons
  Harold (D:8)
  An ogre mage (D:15)
  3 vault guards (D:13)
  17 two-headed ogres
  5 hydras
  2 centaur warriors
  4 orc high priests (Orc:2)
  A swamp dragon (Lair:6)
  3 unseen horrors
  Pikel (D:5)
  7 orc knights
  4 orc sorcerers
  3 wolf spiders
  7 ugly things
  3 cyclopes
  3 manticores
  3 salamanders (Volcano)
  2 centaur zombies
  2 black mambas
  4 elephants (Lair:5)
  An ice statue (IceCv)
  11 spiny frogs
  A gargoyle (D:10)
  3 rime drakes
  3 demonic crawlers
  10 komodo dragons
  A yaktaur (D:15)
  A tengu conjurer (D:10)
  6 trolls
  3 jumping spiders
  22 polar bears
  3 meliai (D:13)
  A raiju (Lair:6)
  7 hippogriffs
  10 slime creatures
  17 blink frogs
  5 redbacks
  A spriggan (D:12)
  6 wraiths
  40 yaks
  3 tarantellas
  6 wyverns
  2 shadows
  A vampire (D:14)
  A human (D:12)
  A basilisk (Lair:6)
  5 fire bats
  3 hungry ghosts
  A fire elemental (Orc:2)
  2 steam dragons (Volcano)
  8 wargs
  Edmund (D:6)
  10 water moccasins
  12 hell hounds
  A soldier ant (D:15)
  Duvessa (D:4)
  6 porcupines
  A swamp drake (Lair:6)
  11 black bears (Lair:6)
  3 ice beasts
  43 orc warriors
  4 sky beasts
  4 slaves
  A necrophage (D:12)
  13 ogres
  2 eyes of draining
  A phantom (D:13)
  35 wolves
  7 crocodiles
  12 centaurs
  2 big kobolds
  11 bullfrogs
  2 wyvern skeletons
  A water moccasin skeleton (D:7)
  6 scorpions
  8 killer bees
  4 wights (D:10)
  5 howler monkeys
  2 bullfrog zombies (D:7)
  4 crimson imps
  3 hounds
  A centaur skeleton (D:5)
  28 orc priests
  A bullfrog skeleton (D:13)
  A jelly (D:14)
  14 orc wizards
  7 iguanas
  Ijyb (D:5)
  7 hexers
  6 worker ants
  2 hound skeletons
  Robin (D:4)
  6 gnolls
  9 adders
  11 white imps (Lair:6)
  An adder skeleton (D:5)
  2 worms (D:3)
  3 dart slugs
  2 leopard geckos
  90 orcs
  7 giant cockroaches
  14 goblins
  7 hobgoblins
  2 jackals (D:1)
  6 quokkas
  10 bats
  8 frilled lizards
  A jackal skeleton (D:4)
  16 kobolds
  10 rats
  4 fungi
  A plant (Volcano)
765 creatures vanquished.

Vanquished Creatures (collateral kills)
  Nessos (Lair:5)
  A dire elephant (D:15)
  An ogre mage (D:15)
  A catoblepas (Lair:6)
  4 two-headed ogres
  2 centaur warriors
  An orc knight (Orc:2)
  2 manticores
  A spiny frog (Lair:4)
  2 komodo dragons (Lair:2)
  An efreet (D:14)
  2 polar bears (Lair:6)
  A troll (D:12)
  2 raiju (Lair:6)
  3 slime creatures (D:15)
  2 blink frogs
  2 hippogriffs
  A redback (Spider:1)
  A wraith (D:14)
  A wyvern (Lair:4)
  2 fire elementals (Orc:1)
  10 yaks
  4 fire bats (Volcano)
  A hungry ghost (D:7)
  3 steam dragons
  A warg (Lair:6)
  3 hell hounds (Lair:6)
  3 water moccasins
  3 porcupines
  3 swamp drakes (Lair:6)
  An ice beast (D:8)
  2 orc warriors (Orc:2)
  6 wolves
  A sky beast (D:7)
  2 centaurs (D:12)
  7 ogres
  5 crocodiles
  2 bullfrogs
  Dowan (D:4)
  A scorpion (D:6)
  4 killer bees
  8 howler monkeys
  A quasit (D:10)
  A bullfrog zombie (D:6)
  3 crimson imps
  A jelly (D:10)
  An orc priest (Orc:2)
  2 hounds
  2 gnoll shamans
  3 bullfrog skeletons
  An iguana (D:10)
  3 orc wizards
  5 gnolls
  A howler monkey skeleton (D:10)
  2 adders
  2 shadow imps
  A white imp (Lair:6)
  39 orcs
  A kobold (D:7)
  A quokka skeleton (D:6)
  A fungus (Lair:3)
  A plant (Volcano)
177 creatures vanquished.

Vanquished Creatures (others)
  A steam dragon (Volcano)
  A wolf (IceCv)
  A crocodile (Lair:6)
  26 hexers
  3 ancestors
  2 orcs
  9 fungi
  45 plants
88 creatures vanquished.

Grand Total: 1030 creatures vanquished

Levels and vault maps discovered:
D:1:      dpeg_arrival_rooms_with_view, layout_basic, st_stairs_14
D:2:      layout_basic, first_ration
D:3:      layout_loops_ring, lemuel_doored_altar
D:4:      layout_cave_pods, uniq_robin, uniq_duvessa
D:5:      layout_loops_ring, minmay_temple_entry_glass, uniq_pikel, uniq_ijyb
D:6:      layout_gridville, nicolae_overflow_crystal_walls, uniq_edmund
D:7:      layout_loops_cross
D:8:      layout_loops_cross, serial_shops, shop, uniq_harold
D:9:      layout_big_octagon, nicolae_qazlal_general_emergency, kennysheep_mini
D:10:     layout_basic, david_lair_shrubbed
D:11:     layout_grid_maze, hiddenorc1_lemuel
D:12:     layout_stronghold, serial_shops, shop, nicolae_shop_window_shopping,
          hangedman_stone_soup, uniq_jorgrun, uniq_josephine
D:13:     layout_stronghold, lightli_vaults_fourway_checkpoint,
          grunt_dithmenos_smoke_and_mirrors
D:14:     layout_layer_cave, infiniplex_staircase_split_hallway
D:15:     hangedman_depths_entry_try_elsewhere_first, layout_cave_pools
Temple:   regret_index_temple_mists
Lair:1:   layout_cave_pods, lemuel_fruit_tree, grunt_megastairs_5,
          lemuel_fruit_fields
Lair:2:   layout_hall_layers, spider_nest_entry_webs
Lair:3:   layout_cave_pods
Lair:4:   layout_misc_corridors, minmay_shoals_entry_beasts,
          gammafunk_ghost_arena, beast_lair_carwin_5
Lair:5:   layout_roguey, dpeg_slime_entry_corner, nicolae_volcano_entry_batcave,
          uniq_nessos
Lair:6:   guppyfry_lair_end_dragon, layout_loops_ring,
          hangedman_lair_caniforms_friends, portal_ice_cave_entry_imps,
          minivault_26
Spider:1: layout_spider_delve
Orc:1:    layout_caves, mines1_david
Orc:2:    pubby_orc_utopia, uniq_azrael


Message History

Aim: an orb spider (moderately wounded, fully charged)
The thunderbolt hits the orb spider!
The orb spider is severely wounded.
The thunderbolt hits the jumping spider!!
The jumping spider is severely wounded.
The thunderbolt hits the redback!!
You kill the redback!
You block the tarantella's attack.
The wolf spider hits Serpenta.
The wolf spider bites Serpenta!
The orb spider weaves a glowing orb of energy.
The wavering orb of destruction weakly hits you!!
Serpenta hits the wolf spider with a +0 dagger of draining.
Serpenta drains the wolf spider.
You hear an angry hiss.
A redback comes into view.
The tarantella completely misses you. You block the redback's attack.
The orb of destruction hits you!!!
* * * LOW HITPOINT WARNING * * *
The tarantella misses you. The redback bites you.
You die...

Notes
Turn   | Place    | Note
-------+----------+-------------------------------------------
     0 | D:1      | bmfx the Deep Elf Arcane Marksman began the quest for the
                  | Orb.
     0 | D:1      | Reached XP level 1. HP: 11/11 MP: 5/5
   405 | D:1      | Reached XP level 2. HP: 12/16 MP: 5/7
   414 | D:1      | Learned a level 2 spell: Slow
   901 | D:1      | Reached XP level 3. HP: 20/20 MP: 4/8
   941 | D:1      | Learned a level 3 spell: Portal Projectile
  2216 | D:2      | Reached skill level 5 in Hexes
  2216 | D:2      | Reached XP level 4. HP: 24/24 MP: 2/10
  3380 | D:3      | Found a shimmering blue altar of Sif Muna.
  3562 | D:4      | Noticed an ice beast
  3651 | D:4      | Got a shimmering bronze amulet
  3737 | D:4      | Reached skill level 1 in Stealth
  3891 | D:4      | Reached XP level 5. HP: 28/28 MP: 4/12
  3981 | D:4      | Learned a level 4 spell: Cause Fear
  4621 | D:4      | Reached XP level 6. HP: 33/33 MP: 11/14
  4868 | D:4      | Killed an ice beast
  5097 | D:4      | Noticed Robin
  5226 | D:4      | Killed Robin
  5308 | D:4      | Reached skill level 1 in Fighting
  5308 | D:4      | Reached skill level 5 in Spellcasting
  5324 | D:4      | Noticed Duvessa
  5324 | D:4      | Noticed Dowan
  5371 | D:5      | Entered Level 5 of the Dungeon
  5608 | D:5      | Reached XP level 7. HP: 38/38 MP: 13/16
  5928 | D:5      | Noticed Pikel
  6663 | D:5      | Noticed Ijyb
  6674 | D:5      | Killed Ijyb
  6844 | D:5      | Identified the amulet "Nibe" {Acrobat Fragile rC++} (You
                  | found it on level 4 of the Dungeon)
  6908 | D:5      | Found a staircase to the Ecumenical Temple.
  6939 | D:5      | Reached skill level 5 in Stealth
  7158 | D:5      | Killed Pikel
  7158 | D:5      | Reached skill level 5 in Crossbows
  7158 | D:5      | Reached XP level 8. HP: 46/46 MP: 13/19
  7246 | Temple   | Entered the Ecumenical Temple
  7389 | Temple   | Became a worshipper of Hepliaklqana the Forgotten
  8102 | D:6      | Reached skill level 1 in Shields
  8415 | D:6      | Found a radiant altar of Vehumet.
  8419 | D:6      | Reached * piety under Hepliaklqana
  8422 | D:6      | Noticed Edmund
  9138 | D:6      | Reached XP level 9. HP: 29/46 MP: 17/20
 10149 | D:7      | Learned a level 3 spell: Inner Flame
 10945 | D:8      | Noticed Harold
 10967 | D:8      | Killed Harold
 10967 | D:8      | Reached XP level 10. HP: 50/50 MP: 5/21
 11154 | D:8      | Found Waorask's Weapon Emporium.
 11192 | D:8      | Reached ** piety under Hepliaklqana
 11193 | D:8      | Remembered your ancestor Serpenta as a hexer
 11233 | D:8      | Reached skill level 1 in Short Blades
 11636 | D:9      | Reached skill level 3 in Dodging
 11944 | D:8      | Reached skill level 1 in Evocations
 12376 | D:9      | Found a stormy altar of Qazlal.
 12442 | D:9      | Found a shattered altar of Ashenzari.
 12504 | D:10     | Entered Level 10 of the Dungeon
 12531 | D:10     | Reached skill level 5 in Evocations
 12638 | D:10     | Noticed a two-headed ogre
 12652 | D:10     | Killed a two-headed ogre
 12961 | D:10     | Noticed a gargoyle
 13075 | D:10     | Killed a gargoyle
 13111 | D:10     | Noticed a tengu warrior
 13760 | D:10     | Reached skill level 4 in Dodging
 13875 | D:10     | Found a staircase to the Lair.
 13891 | D:10     | You fall into a shaft and drop 2 floors!
 13909 | D:12     | Noticed Josephine
 14185 | D:12     | Found Yramoeg's Gadget Shop.
 14188 | D:12     | Bought a wand of paralysis (10) for 156 gold pieces
 14224 | D:12     | Noticed a cyclops
 14348 | D:11     | Reached XP level 11. HP: 54/54 MP: 19/22
 14413 | D:11     | Reached *** piety under Hepliaklqana
 14476 | D:11     | Reached skill level 5 in Dodging
 14525 | Lair:1   | Entered Level 1 of the Lair of Beasts
 15097 | Lair:1   | Learned a level 2 spell: Poisonous Vapours
 15413 | Lair:1   | Reached skill level 6 in Dodging
 15485 | Lair:1   | Reached skill level 1 in Poison Magic
 15982 | Lair:2   | Found a hole to the Spider Nest.
 15986 | Lair:2   | Got a glittering iron ring
 16468 | Lair:2   | Reached skill level 7 in Dodging
 16803 | Lair:2   | Reached skill level 8 in Dodging
 16913 | Lair:2   | Reached skill level 5 in Short Blades
 17535 | Lair:2   | Identified the ring of the Middle {rPois rF+ MR+ Int+4}
                  | (You found it on level 2 of the Lair of Beasts)
 17936 | Lair:3   | Reached skill level 9 in Dodging
 18234 | Lair:3   | Reached **** piety under Hepliaklqana
 18436 | Lair:3   | Reached XP level 12. HP: 59/59 MP: 23/23
 18959 | Lair:4   | Noticed a six-headed hydra
 19498 | Lair:4   | Reached skill level 10 in Dodging
 19520 | Lair:4   | Killed a six-headed hydra
 20023 | Lair:4   | Learned a level 3 spell: Confuse
 20117 | Lair:4   | Found a staircase to the Shoals.
 20234 | Lair:4   | Noticed an anaconda
 20247 | Lair:4   | Found a transporter.
 20251 | Lair:4   | Found a transporter.
 20251 | Lair:4   | Noticed a death yak
 20253 | Lair:4   | Noticed grouchysmurf's ghost (journeyman TrMo)
 20280 | Lair:4   | Reached skill level 10 in Stealth
 20753 | Lair:5   | Noticed a four-headed hydra
 20769 | Lair:5   | Killed a four-headed hydra
 20900 | Lair:5   | Noticed a seven-headed hydra
 20904 | Lair:5   | Reached skill level 5 in Fighting
 20906 | Lair:5   | Killed a seven-headed hydra
 20925 | Lair:5   | Found a dark tunnel.
 20935 | Volcano  | Entered a volcano
 21174 | Volcano  | Reached XP level 13. HP: 66/66 MP: 21/24
 21827 | Volcano  | Noticed a fire dragon
 21829 | Volcano  | Reached ***** piety under Hepliaklqana
 21842 | Volcano  | Killed a fire dragon
 22320 | Lair:5   | Found a staircase to the Slime Pits.
 23286 | Lair:5   | Noticed Nessos
 23309 | Lair:5   | Killed Nessos
 23404 | Lair:6   | Entered Level 6 of the Lair of Beasts
 23441 | Lair:6   | Found a frozen archway.
 23466 | IceCv    | Entered an ice cave
 23829 | IceCv    | Learned a level 3 spell: Tukima's Dance
 24049 | IceCv    | Reached skill level 10 in Fighting
 25062 | IceCv    | Reached skill level 11 in Dodging
 25113 | IceCv    | Noticed a frost giant
 25132 | IceCv    | Killed a frost giant
 25150 | IceCv    | Reached XP level 14. HP: 54/79 MP: 16/25
 25508 | Lair:6   | Reached skill level 12 in Dodging
 26643 | Lair:6   | Reached skill level 13 in Dodging
 27487 | Lair:6   | Reached skill level 14 in Dodging
 28549 | D:4      | Killed Duvessa
 28556 | D:4      | Killed Dowan
 28758 | D:6      | Killed Edmund
 29201 | D:11     | Found a staircase to the Orcish Mines.
 30020 | D:12     | Reached skill level 15 in Dodging
 30204 | D:12     | Found Doatyw's Book Shop.
 30210 | D:12     | Bought a book of Fire for 715 gold pieces
 30711 | D:12     | Noticed Jorgrun
 31241 | D:12     | Found Doatyw's Book Shop.
 32379 | D:13     | Reached skill level 10 in Spellcasting
 32386 | D:13     | Learned a level 5 spell: Fireball
 32393 | D:13     | Learned a level 6 spell: Starburst
 32647 | D:13     | Reached skill level 1 in Invocations
 32807 | D:13     | Found a shadowy altar of Dithmenos.
 33194 | D:13     | Found a gate to the Vaults.
 33302 | D:13     | Reached ****** piety under Hepliaklqana
 33435 | D:14     | Reached XP level 15. HP: 82/82 MP: 17/31
 33686 | D:14     | Reached skill level 5 in Invocations
 34165 | D:14     | Identified the +3 ring mail of Greed {Slay+2} (You found it
                  | on level 14 of the Dungeon)
 34890 | D:15     | Entered Level 15 of the Dungeon
 34969 | D:15     | Reached skill level 1 in Fire Magic
 35644 | D:15     | Found a staircase to the Depths.
 35789 | D:15     | Reached skill level 5 in Fire Magic
 36692 | Orc:1    | Entered Level 1 of the Orcish Mines
 37014 | Orc:2    | Entered Level 2 of the Orcish Mines
 37124 | Orc:2    | Noticed Azrael
 37141 | Orc:2    | Killed Azrael
 37531 | Orc:1    | Noticed an orc warlord
 37546 | Orc:2    | Killed an orc warlord
 37847 | Orc:1    | Paralysed by an orc sorcerer for 5 turns
 38374 | Orc:1    | Found a roughly hewn altar of Beogh.
 38888 | Orc:2    | Found a roughly hewn altar of Beogh.
 39179 | Orc:2    | Found Igelino's Assorted Antiques.
 39381 | Orc:2    | Bought a faintly glowing buckler for 285 gold pieces
 39391 | Orc:2    | Identified the cursed +0 buckler "Tysaen" {rPois SInv} (You
                  | bought it in a shop on level 2 of the Orcish Mines)
 39399 | Orc:2    | Found Dodes Mua's Jewellery Shoppe.
 39417 | Orc:2    | Reached skill level 10 in Fire Magic
 39757 | Orc:2    | Reached skill level 1 in Conjurations
 39994 | Orc:2    | Found a staircase to the Elven Halls.
 40529 | Orc:2    | Found Iwusecef's Book Boutique.
 40750 | Orc:2    | Reached XP level 16. HP: 87/87 MP: 29/32
 41295 | Orc:2    | Found a roughly hewn altar of Beogh.
 41552 | Orc:2    | Found Adesocko's Jewellery Emporium.
 41673 | Orc:2    | Bought a book of Party Tricks for 650 gold pieces
 41681 | Orc:2    | Learned a level 6 spell: Invisibility
 41976 | D:12     | Killed Josephine
 42137 | D:12     | Found Doatyw's Book Shop.
 42343 | D:12     | Found Yramoeg's Gadget Shop.
 42440 | D:12     | Killed Jorgrun
 42914 | Spider:1 | Entered Level 1 of the Spider Nest
 43320 | Spider:1 | HP: 2/87 [disintegration (37)]
 43320 | Spider:1 | Slain by a redback
